 Dungeon Crawl Stone Soup version 0.25.1-8-g42b30a86e7 (webtiles) character file.

Game seed: 15519570571849977736

3099 Clowwww the Cleaver (level 9, -5/69 HPs)
             Began as a Demonspawn Fighter on Dec 11, 2020.
             Was a Follower of Ashenzari.
             Killed by divine providence
             ... invoked by an orc priest
              (14 damage)
             ... on level 8 of the Dungeon.
             The game lasted 00:21:27 (9442 turns).

Clowwww the Cleaver (Demonspawn Fighter)            Turns: 9442, Time: 00:21:28

Health: -5/69      AC: 15    Str: 19    XL:     9   Next: 59%
Magic:  9/9        EV:  9    Int: 11    God:    Ashenzari [*.....]
Gold:   1089       SH: 10    Dex: 12    Spells: 8/8 levels left

rFire    . . .     SeeInvis .   i - +2 war axe (freeze)
rCold    . . .     Gourm    .   c - +0 kite shield
rNeg     + . .     Faith    .   b - +3 scale mail
rPois    .         Spirit   .   l - +2 hat (curse)
rElec    .         Reflect  .   u - +0 cloak
rCorr    .         Harm     .   (no gloves)
MR       .....                  v - +0 pair of boots
Stlth    +.........             (no amulet)
HPRegen  0.21/turn              a - ring of positive energy
MPRegen  0.11/turn              s - +4 ring of slaying

@: no status effects
A: claws 2, nightstalker 1, rot immunity
a: Curse Item, Scrying, Renounce Religion


You were on level 8 of the Dungeon.
You worshipped Ashenzari.
Ashenzari was aware of your devotion.
You were not hungry.

You visited 2 branches of the dungeon, and saw 9 of its levels.
You visited the Abyss 1 time.
You also visited: Sewer.

You collected 1227 gold pieces.
You spent 138 gold pieces at shops.

Inventory:

Hand Weapons
 i - a +2 war axe of freezing (weapon)
Missiles
 g - 2 boomerangs of dispersal
 n - 12 boomerangs (quivered)
Armour
 b - a +3 scale mail (worn)
 c - a +0 kite shield (worn)
 l - a cursed +2 hat (worn)
 u - a +0 cloak (worn)
 v - a +0 pair of boots (worn)
Jewellery
 a - a ring of positive energy (left claw)
 d - a +6 ring of intelligence
 r - an uncursed ring of flight
 s - a +4 ring of slaying (right claw)
 B - an uncursed ring of resist corrosion
Wands
 q - a wand of random effects (9)
 E - a wand of paralysis (10)
Scrolls
 e - a scroll of blinking
 w - a scroll of amnesia
 y - 2 scrolls of teleportation
 A - a scroll of remove curse
 D - a scroll of magic mapping
Potions
 j - 3 potions of heal wounds
 k - 7 potions of curing
 m - 2 potions of lignification {unknown}
 o - 2 potions of haste
 t - 4 potions of flight
 x - a potion of resistance
 z - a potion of invisibility
Comestibles
 f - 8 rations
 h - 6 chunks of flesh


   Skills:
 + Level 6.1 Fighting
 + Level 8.1 Axes
 + Level 2.3 Throwing
 + Level 5.7 Armour
 + Level 3.0 Dodging
 + Level 1.1 Stealth
 + Level 5.2 Shields
 + Level 0.2 Unarmed Combat


You had 8 spell levels left.
You didn't know any spells.
Your spell library was empty.

Dungeon Overview and Level Annotations

Branches:
Dungeon (8/15)             Temple (1/1) D:5           Sewer (visited)
   Lair: D:8-11

Altars:
Ashenzari
Cheibriados
Elyvilon
Fedhas
Gozag
Hepliaklqana
Kikubaaqudgha
Makhleb
Okawaru
Qazlal
Ru
Sif Muna
Trog
Uskayaw
Vehumet
The Shining One

Shops:
D:4 (=*?(

Annotations:
D:6 2 transporters


Innate Abilities, Weirdness & Mutations

You have very sharp fingernails.
You are slightly more attuned to the shadows.
You are immune to rotting.


Message History

You hit the orc warrior. You freeze the orc warrior.
The orc warrior is almost dead.
The orc priest mumbles some strange prayers to Beogh against you.
Beogh smites you!
* * * LOW HITPOINT WARNING * * *
The orc warrior hits you with a +0 mace.
* * * LOW HITPOINT WARNING * * *
You slash the orc warrior! You freeze the orc warrior.
You kill the orc warrior!
You slash the orc priest! You freeze the orc priest.
The orc priest is severely wounded.
The orc priest calls down the wrath of Beogh upon you.
Pain shoots through your body!
* * * LOW HITPOINT WARNING * * *
You closely miss the orc priest.
The orc priest is severely wounded.
The orc priest casts a cantrip, but nothing happens.
The orc priest calls down the wrath of Beogh upon you.
Beogh smites you!
You die...

#.#.......................#
#.#...........#...........#
#.#...........##'########.#
#.#...........##.########.#
#.#...........##..........#
#.#...........#############
#.# ########
#.##################
#............@oo....
####################


You could see an orc priest and an orc.

Vanquished Creatures
  Psyche (D:8)
  Prince Ribbit (D:5)
  A hippogriff (D:5)
  An orc warrior (D:8)
  5 ogres
  2 sky beasts
  2 centaurs
  A big kobold (Sewer)
  4 bullfrogs
  Blork the orc (D:4)
  A scorpion (D:5)
  4 crimson imps
  2 jellies
  2 centaur skeletons
  A hound (D:6)
  2 orc priests
  Crazy Yiuf (D:2)
  2 iguanas (D:6)
  4 orc wizards
  A bullfrog skeleton (D:6)
  4 worker ants
  Natasha (twice) (D:3)
  A hound zombie (D:3)
  11 gnolls
  A howler monkey skeleton (D:5)
  13 adders
  A river rat (Sewer)
  A shadow imp (D:5)
  2 adder skeletons
  7 worms
  A dart slug (D:2)
  6 leopard geckos
  21 orcs
  10 bats
  4 giant cockroaches
  6 goblins
  11 hobgoblins
  7 jackals
  8 kobolds
  5 quokkas
  3 ball pythons
  4 frilled lizards
  8 rats
176 creatures vanquished.

Notes
Turn   | Place    | Note
-------+----------+-------------------------------------------
     0 | D:1      | Clowwww the Demonspawn Fighter began the quest for the Orb.
     0 | D:1      | Reached XP level 1. HP: 18/18 MP: 1/1
   154 | D:1      | Gained mutation: You are immune to rotting. [demonic
                  | ancestry]
   154 | D:1      | Reached XP level 2. HP: 24/24 MP: 2/2
   280 | D:1      | Reached skill level 2 in Axes
   961 | D:2      | Reached XP level 3. HP: 26/29 MP: 3/3
  1600 | D:2      | Found a faded altar of an unknown god.
  1780 | D:2      | Gained mutation: You have sharp fingernails. [demonic
                  | ancestry]
  1780 | D:2      | Reached XP level 4. HP: 8/35 MP: 4/4
  2088 | D:2      | Found an iron altar of Okawaru.
  2526 | D:2      | Found a runed translucent door.
  2527 | D:2      | Noticed Crazy Yiuf
  2534 | D:2      | Killed Crazy Yiuf
  2913 | D:3      | Reached XP level 5. HP: 32/42 MP: 5/5
  2961 | D:3      | Reached skill level 3 in Axes
  3399 | D:3      | Reached skill level 1 in Dodging
  3453 | D:3      | Gained mutation: You have very sharp fingernails. [demonic
                  | ancestry]
  3453 | D:3      | Reached XP level 6. HP: 44/48 MP: 6/6
  3810 | D:3      | Noticed Natasha
  3872 | D:3      | Killed Natasha
  4238 | D:3      | Noticed Natasha
  4262 | D:3      | Killed Natasha
  4628 | D:4      | Found Mofufug's Antique Weapon Shoppe.
  4629 | D:4      | Found Yxuxoem's Jewellery Boutique.
  4696 | D:4      | Found an ancient bone altar of Kikubaaqudgha.
  4736 | D:4      | Reached skill level 4 in Axes
  5016 | D:4      | Noticed Blork the orc
  5028 | D:4      | Killed Blork the orc
  5337 | D:4      | Found Vilush's Weapon Emporium.
  5454 | D:4      | Reached XP level 7. HP: 37/55 MP: 7/7
  5555 | D:4      | Found Kixowyle's Magic Scroll Boutique.
  5558 | D:4      | Bought a scroll of identify for 24 gold pieces
  5558 | D:4      | Bought a scroll of identify for 24 gold pieces
  5558 | D:4      | Bought a scroll of blinking for 90 gold pieces
  5571 | D:4      | Found Naan's Assorted Antiques.
  5974 | D:5      | Entered Level 5 of the Dungeon
  6066 | D:5      | Found a glowing golden altar of the Shining One.
  6083 | D:5      | Found a shimmering blue altar of Sif Muna.
  6118 | D:5      | Noticed Prince Ribbit
  6138 | D:5      | Killed Prince Ribbit
  6138 | D:5      | Reached skill level 5 in Axes
  6198 | D:5      | Noticed a hippogriff
  6210 | D:5      | Killed a hippogriff
  6210 | D:5      | Reached skill level 1 in Throwing
  6210 | D:5      | Gained mutation: You are slightly more attuned to the
                  | shadows. [demonic ancestry]
  6210 | D:5      | Reached XP level 8. HP: 45/61 MP: 8/8
  6332 | D:5      | Found an opulent altar of Gozag.
  6377 | D:5      | Reached skill level 5 in Fighting
  6609 | D:5      | Found a staircase to the Ecumenical Temple.
  6615 | Temple   | Entered the Ecumenical Temple
  6630 | Temple   | Became a worshipper of Ashenzari the Shackled
  6672 | D:6      | Found a transporter.
  6706 | D:6      | Found a glowing drain.
  6732 | Sewer    | Entered a sewer
  6813 | Sewer    | Reached skill level 6 in Axes
  7065 | Sewer    | Found a white marble altar of Elyvilon.
  7324 | D:6      | Found a radiant altar of Vehumet.
  7331 | D:6      | Reached skill level 5 in Armour
  7372 | D:6      | Noticed a troll
  7376 | D:6      | Found a hazy altar of Hepliaklqana.
  7385 | D:6      | Found a transporter.
  8219 | D:6      | Identified a scroll of acquirement
  8219 | D:6      | Acquired 960 gold pieces
  8256 | D:7      | Reached XP level 9. HP: 56/68 MP: 9/9
  8264 | D:7      | Reached skill level 7 in Axes
  8563 | D:7      | Reached * piety under Ashenzari
  8909 | D:8      | Noticed Psyche
  8917 | D:8      | Cast into level 1 of the Abyss (Psyche)
  8917 | Abyss:1  | Found a corrupted altar of Lugonu.
  8938 | Abyss:1  | Noticed a freezing wraith
  8949 | Abyss:1  | Found a corrupted altar of Lugonu.
  8991 | Abyss:1  | Noticed an ice devil
  8996 | Abyss:1  | HP: 2/69 [ice devil (18)]
  9031 | D:8      | Escaped the Abyss
  9040 | D:8      | Killed Psyche
  9040 | D:8      | Reached skill level 1 in Stealth
  9040 | D:8      | Reached skill level 5 in Shields
  9272 | D:8      | Reached skill level 8 in Axes
  9442 | D:8      | Killed from afar by an orc priest

Illustrated notes

Levels and vault maps discovered:
D:1:      saegor_arrival_miasma, layout_basic
D:2:      layout_rooms, lemuel_doored_altar, chequers_ecumenical_altar_lobes,
          minmay_pentomino_s4, uniq_crazy_yiuf_cottage
D:3:      layout_loops_ring, uniq_natasha
D:4:      layout_basic, kennysheep_little_box, first_ration, serial_shops, shop,
          nicolae_shop_overgrown_old_shop, shop_fountains,
          nicolae_shop_behind_doors, nicolae_shop_stone, uniq_blork_the_orc
D:5:      layout_rooms, tso_altar, lemuel_round_altar, grunt_gozag_breadcrumbs,
          minmay_temple_entry_enclosed_plants, uniq_prince_ribbit1
D:6:      layout_loops_ring, gammafunk_temple_overflow_arena,
          fiery_altar_vehumet, cheibrodos_sewer_entry_sluice, serial_park_tiny_1
D:7:      layout_cave_pools
D:8:      layout_basic, hangedman_little_slice_of_home, uniq_psyche,
          uniq_maurice
Temple:   zaba_magenta_temple

Skill      XL: |  1  2  3  4  5  6  7  8  9 |
---------------+----------------------------+-----
Axes           | 2 3 4 5 6 8 |  8.1
Shields        | 3 4 5 |  5.2
Armour         | 3 4 5 |  5.7
Fighting       | 4 5 6 |  6.1
Dodging        | 1 2 3 |  3.0
Throwing       | 1 2 |  2.3
Stealth        | 1 |  1.1
Unarmed Combat | |  0.2

Action                   |  1- 3 |  4- 6 |  7- 9 || total
-------------------------+-------+-------+-------++-------
Melee: War axe           |   115 |   186 |   209 ||   510
       Unarmed           |       |    10 |       ||    10
Throw: Boomerang         |       |       |    27 ||    27
Invok: Curse Item        |       |       |     1 ||     1
  Use: Potion            |     1 |     2 |     3 ||     6
       Scroll            |       |    12 |    12 ||    24
 Stab: Sleeping          |       |       |     1 ||     1
  Eat: Ration            |     1 |       |       ||     1
       Chunk             |       |    10 |    14 ||    24
Armor: Scale mail        |    63 |    75 |   101 ||   239
Dodge: Dodged            |    36 |    67 |    91 ||   194
Block: Kite shield       |    67 |    97 |    93 ||   257
